 Dungeon Crawl Stone Soup version 0.21-a0-283-g622b906 (webtiles) character file.

119 RKaid the Charlatan (level 4, -16/20 HPs)
             Began as a Felid Artificer on Sept 25, 2017.
             Killed from afar by soark's ghost (24 damage)
             ... with an orb of energy
             ... on level 3 of the Dungeon.
             The game lasted 00:03:58 (2864 turns).

RKaid the Charlatan (Felid Artificer)               Turns: 2864, Time: 00:03:59

Health: -16/20     AC:  1    Str:  8    XL:     4   Next: 73%
Magic:  8/8        EV: 18    Int: 13    God:
Gold:   144        SH:  0    Dex: 20    Spells: 3/3 levels left
                                        Lives:  0   Deaths: 1

rFire    . . .     SeeInvis +     - Unarmed
rCold    . . .     Gourm    .   (shield unavailable)
rNeg     . . .     Faith    .   (armour unavailable)
rPois    .         Spirit   .   (helmet unavailable)
rElec    .         Reflect  .   (cloak unavailable)
rCorr    +         Harm     .   (gloves unavailable)
MR       .....                  (boots unavailable)
Stlth    +++.......             (no amulet)
HPRegen  0.06/turn              e - +4 ring of dexterity
MPRegen  0.11/turn              g - ring of resist corrosion (curse)

@: quick
A: no armour, no weapons or thrown items, stealth, claws 1, fangs 3, see
invisible, carnivore 3, speed 1, shaggy fur 1, slow metabolism 1, sharp paws
a: no special abilities


You were on level 3 of the Dungeon.
You were completely stuffed.

You visited 1 branch of the dungeon, and saw 3 of its levels.

You collected 144 gold pieces.

Inventory:

Jewellery
 e - a +4 ring of dexterity (left paw)
   (You found it on level 1 of the Dungeon)
 g - a cursed ring of resist corrosion (right paw)
   (You found it on level 1 of the Dungeon)
Wands
 a - a wand of flame (13/48)
 b - a wand of enslavement (14/24)
 c - a wand of random effects (15/48)
Scrolls
 f - 2 scrolls of enchant weapon {unknown}
 h - a scroll of magic mapping {unknown}
 n - a scroll of enchant armour {unknown}
Potions
 i - a potion of lignification {unknown}
 j - a potion of heal wounds {unknown}
 k - a potion of mutation {unknown}
 l - a potion of degeneration {unknown}
Comestibles
 d - 2 meat rations
 m - 3 chunks of flesh


   Skills:
 + Level 2.6 Fighting
 - Level 2.6 Dodging
 - Level 1.3 Stealth
 * Level 3.6 Unarmed Combat
 + Level 4.3 Evocations


You had 3 spell levels left.
You didn't know any spells.

Dungeon Overview and Level Annotations

Branches:
Dungeon (3/15)

Altars:
Fedhas

Annotations:
D:3 soark's ghost, amateur DECj


Innate Abilities, Weirdness & Mutations

You cannot wear armour.
You are incapable of wielding weapons or throwing items.
Your paws allow you to move quietly. (Stealth)
You have sharp claws.
You have razor-sharp teeth.
You have supernaturally acute eyesight. (SInv)
You are carnivorous and can eat meat at any time.
You cover ground quickly.
You are covered in fur. (AC +1)
You have a slow metabolism.
Your sharp claws are effective at attacking unaware monsters.


Message History

There is a stone staircase leading up here.
You see here a dagger.
Done exploring.
Done exploring.
No target in view!
No target in view!
Done exploring.
No target in view!
No target in view!
No target in view!
Done exploring.
Done exploring.
Done exploring.
Done exploring.
Done exploring.
There is a stone staircase leading down here.
You climb downwards.
There is a stone staircase leading up here.
f - 2 scrolls labeled VEAXUKHLUIXU (gained 1)
A hobgoblin comes into view.
A hobgoblin is nearby!
A hobgoblin is nearby!
A hobgoblin is nearby!
A hobgoblin is nearby!
You see here 17 stones.
The hobgoblin shouts!
The hobgoblin hits you.
You scratch the hobgoblin but do no damage.
You bite the hobgoblin. The hobgoblin hits you.
You scratch the hobgoblin.
You kill the hobgoblin!
You see here a hobgoblin corpse.
You butcher the hobgoblin corpse.
m - 3 chunks of flesh You now have 109 gold pieces (gained 9).
You now have 124 gold pieces (gained 15).
n - a scroll labeled AXIEGOBLE
d - 2 meat rations (gained 1)
You now have 144 gold pieces (gained 20).
You see here a dagger.
An orc and an orc wizard come into view.
The orc wizard shouts!
The orc shouts!
There are monsters nearby!
An orc comes into view. It is wielding a hand axe.
Found 13 stones.
Found a stone staircase leading up.
The orc wizard points at you and mumbles some strange words.
The magic dart hits you!
Soark's ghost (amateur Deep Elf Conjurer) comes into view.
The orc wizard mumbles some strange words.
The orc wizard blinks!
A giant cockroach comes into view.
A kobold comes into view.
The orc barely misses you.
A worker ant comes into view.
The worker ant twitches its antennae in your direction.
You scratch the orc but do no damage.
The giant cockroach waves its antennae.
The orc misses you.
You scratch the orc. You scratch the orc but do no damage.
You bite the orc, but do no damage. The orc barely misses you.
You scratch the orc but do no damage. The orc completely misses you.
You scratch the orc.
You kill the orc!
You scratch the orc but do no damage. The orc closely misses you.
You scratch the orc.
The orc wizard casts a spell.
The orc wizard seems to speed up.
The orc closely misses you.
You completely miss the orc.
Soark's ghost makes a sound of rattling chains.
You closely miss the orc. You bite the orc, but do no damage.
The orc completely misses you.
The orc wizard casts a spell.
The orc wizard blinks!
You scratch the orc. The orc closely misses you.
You closely miss the orc. You claw the orc.
You kill the orc!
You scratch the giant cockroach but do no damage.
Your bite misses the giant cockroach.
The giant cockroach completely misses you.
You scratch the giant cockroach. The giant cockroach closely misses you.
The giant cockroach bites you but does no damage.
The orc wizard gestures wildly while chanting.
The orc wizard blinks!
You claw the giant cockroach!
You kill the giant cockroach!
You completely miss soark's ghost. You bite soark's ghost.
Soark's ghost barely misses you.
You scratch soark's ghost. Your claw misses soark's ghost.
Soark's ghost hits you.
You scratch soark's ghost but do no damage.
Soark's ghost hits you.
You scratch soark's ghost. Soark's ghost closely misses you.
You barely miss soark's ghost. Your bite misses soark's ghost.
The orc wizard mumbles some strange words.
The orc wizard blinks!
Soark's ghost gestures at you while chanting.
The orb of energy hits you!
Ouch! That really hurt!
You die... .. #.##### #...... ..... ..ยง( aK#

#W# #@# # #.# #.#.###.#
#.......## #.# #.#
##.......# #.# ##.#
##..####.# #.######..#
....####.#####.#........
##..........#.......#...
#.##.#..##.......#.##.#


You could see a worker ant, soark's ghost and a kobold.

Vanquished Creatures
  2 adders (D:2)
  Natasha (twice) (D:2)
  An ooze (D:1)
  A worm (D:2)
  3 leopard geckos (D:1)
  2 orcs (D:3)
  A ball python (D:2)
  10 bats
  8 giant cockroaches
  8 goblins
  7 hobgoblins
  5 jackals
  2 kobolds (D:1)
  2 frilled lizards
  7 rats
61 creatures vanquished.

Vanquished Creatures (collateral kills)
  Natasha (D:2)
1 creature vanquished.

Grand Total: 62 creatures vanquished

Notes
Turn   | Place    | Note
-------+----------+-------------------------------------------
     0 | D:1      | RKaid the Felid Artificer began the quest for the Orb.
     0 | D:1      | Reached XP level 1. HP: 9/9 MP: 4/4
   191 | D:1      | Reached XP level 2. HP: 12/12 MP: 5/5
   571 | D:1      | Reached skill level 2 in Unarmed Combat
   738 | D:1      | Reached XP level 3. HP: 9/16 MP: 6/6
  1446 | D:2      | Noticed Natasha
  1478 | D:2      | HP: 2/16 [worm (5)]
  1772 | D:2      | Killed Natasha
  1772 | D:2      | Reached skill level 2 in Fighting
  1772 | D:2      | Reached XP level 4. HP: 19/19 MP: 7/7
  1796 | D:2      | Reached skill level 4 in Evocations
  1808 | D:2      | Reached skill level 3 in Unarmed Combat
  2009 | D:2      | Noticed Natasha
  2091 | D:2      | Slain by Natasha
  2092 | D:2      | Reached XP level 3. HP: -3/16 MP: 7/7
  2354 | D:2      | Killed Natasha
  2354 | D:2      | Reached XP level 4. HP: 16/20 MP: 8/8
  2461 | D:2      | Noticed Natasha
  2469 | D:2      | Killed Natasha
  2538 | D:2      | Found a blossoming altar of Fedhas.
  2843 | D:3      | Noticed soark's ghost (amateur DECj)
  2864 | D:3      | Killed from afar by soark's ghost

Vault maps used:
D:1:      dpeg_arrival_long_road, minmay_misc_feat_chi
D:2:      fedhas_altar_fruit_tree, uniq_natasha
D:3:      uniq_crazy_yiuf_cottage

Skill      XL: |  1  2  3  4 |
---------------+-------------+-----
Unarmed Combat | 2 3 |  3.6
Fighting       | 2 |  2.6
Evocations     | 4 |  4.3
Dodging        | |  2.6
Stealth        | |  1.3

Action                   |  1- 3 |  4- 6 || total
-------------------------+-------+-------++-------
Melee: Unarmed           |   121 |    66 ||   187
       Bite              |    14 |     6 ||    20
       Punch             |     2 |     2 ||     4
Evoke: Wand              |     3 |       ||     3
 Stab: Sleeping          |    10 |       ||    10
  Eat: Chunk             |    12 |     5 ||    17
Armor: Skin              |     9 |     6 ||    15
Dodge: Dodged            |    80 |    50 ||   130

Table legend:
 A = Spawn XP
 B = Non-spawn XP
 C = Spawn XP percentage of total XP
 D = Spawn monster count
 E = Non-spawn monster count
 F = Spawn count percentage of total count
 G = Total turns spent on level
                    A         B        C        D         E        F      G
               +---------+---------+-------+---------+---------+-------+---------
         Total |       0 |     242 |   0.0 |       0 |      62 |   0.0 |  2864
               +---------+---------+-------+---------+---------+-------+---------
           D:1 |       0 |      60 |   0.0 |       0 |      29 |   0.0 |  1572
           D:2 |       0 |     172 |   0.0 |       0 |      29 |   0.0 |  1164
           D:3 |       0 |      10 |   0.0 |       0 |       4 |   0.0 |   128
               +---------+---------+-------+---------+---------+-------+---------

Table legend:
 A = Turns spent in this place as a percentage of turns spent in the entire game.
 B = Non-inter-level travel turns spent in this place as a percentage of non-inter-level travel turns spent in the entire game.
 C = Inter-level travel turns spent in this place as a percentage of turns spent in this place.
 D = Turns resting spent in this place as a percentage of non-inter-level travel turns spent in this place.
 E = Turns spent auto-exploring this place as a percentage of non-inter-level travel turns spent in this place.
 F = Non-inter-level travel turns spent in this place divided by the number of levels of this place that you've seen.
                   A       B       C       D       E      F
               +-------+-------+-------+-------+-------+----------------------
         Total | 100.0 | 100.0 |   1.6 |  41.9 |  39.3 | 939.7
       Dungeon | 100.0 | 100.0 |   1.6 |  41.9 |  39.3 | 939.7
               +-------+-------+-------+-------+-------+----------------------

Table legend:
 A = Kills in this place as a percentage of kills in entire the game.
 B = Kills by you in this place as a percentage of kills by you in the entire game.
 C = Kills by friends in this place as a percentage of kills by friends in the entire game.
 D = Other kills in this place as a percentage of other kills in the entire game.
 E = Experience gained in this place as a percentage of experience gained in the entire game.
 F = Experience gained in this place divided by the number of levels of this place that you have seen.
                   A       B       C       D       E      F
               +-------+-------+-------+-------+-------+----------------------
         Total | 100.0 | 100.0 | 100.0 |   N/A | 100.0 |  80.7
       Dungeon | 100.0 | 100.0 | 100.0 |   N/A | 100.0 |  80.7
               +-------+-------+-------+-------+-------+----------------------
